 Dungeon Crawl Stone Soup version 0.25.1-3-ge44b62a0b3 (webtiles) character file.

Game seed: 11787582846320863731

196 Glamhuggeren the Cudgeler (level 5, -11/29 HPs)
             Began as a Gargoyle Monk on Nov 23, 2020.
             Killed from afar by Ijyb (17 damage)
             ... with a bolt of acid
             ... on level 3 of the Dungeon.
             The game lasted 00:10:13 (3529 turns).

Glamhuggeren the Cudgeler (Gargoyle Monk)           Turns: 3529, Time: 00:10:14

Health: -11/29     AC:  6    Str: 15    XL:     5   Next: 74%
Magic:  4/4        EV: 13    Int: 13    God:
Gold:   189        SH:  0    Dex: 14    Spells: 4/4 levels left

rFire    + . .     SeeInvis .   a - +0 mace
rCold    + . .     Gourm    .   (no shield)
rNeg     + + .     Faith    .   s - +0 robe {rC+ rF+}
rPois    ∞         Spirit   .   j - +2 helmet
rElec    +         Reflect  .   f - +0 cloak
rCorr    .         Harm     .   (no gloves)
MR       .....                  (no boots)
Stlth    ++........             (no amulet)
HPRegen  0.09/turn              k - ring of positive energy
MPRegen  0.09/turn              (no ring)

@: corroded
A: thin skeletal structure 1, clever 1, frail 1, low mp 1, negative energy
resistance 1, electricity resistance, unbreathing, petrification resistance, rot
immunity, AC +4
a: no special abilities


You were on level 3 of the Dungeon.
You were not hungry.

You visited 1 branch of the dungeon, and saw 3 of its levels.

You collected 189 gold pieces.

Inventory:

Hand Weapons
 a - a +0 mace (weapon)
Missiles
 g - 103 stones (quivered)
 p - 15 bolts
 u - 18 sling bullets
 w - 10 arrows
Armour
 f - a +0 cloak (worn)
 h - a +0 plate armour
 j - a +2 helmet (worn)
 s - a +0 robe of resistance (worn)
Jewellery
 k - a ring of positive energy (left hand)
Scrolls
 b - a scroll of teleportation
 d - a scroll of amnesia
 e - a scroll of fear
 l - 2 scrolls of noise
 n - a scroll of fog
 o - 3 scrolls of remove curse {unknown}
 q - a scroll of magic mapping {unknown}
 t - a scroll of enchant armour {unknown}
 v - a scroll of random uselessness {unknown}
Comestibles
 c - 6 rations


   Skills:
 - Level 4.0 Fighting
 * Level 5.5 Maces & Flails
 - Level 3.0 Dodging
 - Level 2.1 Stealth


You had 4 spell levels left.
You didn't know any spells.
Your spell library was empty.

Dungeon Overview and Level Annotations

Branches:
Dungeon (3/15)

Altars:
Elyvilon
Makhleb
Qazlal
Sif Muna
Vehumet

Annotations:
D:3 Ijyb, Sigmund


Innate Abilities, Weirdness & Mutations

You are resistant to torment.
Your stone body is resilient. (AC +4)
You are immune to poison.
You resist negative energy. (rN+)
You are resistant to electric shocks. (rElec)
You can survive without breathing.
You are immune to petrification.
You are immune to rotting.
You have a somewhat thin skeletal structure. (Dex +2, Stealth)
Your mind is acute. (Int +2)
You are frail. (-10% HP)
Your magical capacity is low. (-10% MP)


Message History

Ijyb the Twisted Goblin comes into view.
She is wielding a +0 dagger and carrying a wand of acid (11).
k - a ring of positive energy (left hand) Ijyb shouts!
A gnoll zombie comes into view. x2
You hit Ijyb but do no damage.
Ijyb zaps a wand.
The bolt of acid misses you.
Ijyb zaps a wand.
The bolt of acid hits you!
Ouch! That really hurt!
The acid corrodes you!
You are splashed with acid!
* * * LOW HITPOINT WARNING * * *
You are too injured to fight recklessly!
You are too injured to fight recklessly!
You are too injured to fight recklessly!
Unknown command.
You hit Ijyb but do no damage. The gnoll zombie barely misses you.
Ijyb misses you.
You closely miss Ijyb. The gnoll zombie closely misses you.
Ijyb screams, "Me very upset!"
Ijyb zaps a wand.
The bolt of acid hits you!
Ouch! That really hurt!
You die...

#####......# #.......#
########.....#########.####
#.....#.............
#.....#.####..#.##.#
#.....#.####..#.##.#
#.....#.##....#...÷.
#..%..#.##.#.#####..
#.ZgZ.#.##.#.####...
#..@..#.............
###.######.######... #.#
##÷## #... #.# #...# #...
#.# ###...### ####
#.###.......# #...........#
#####.......# ###...#.#


You could see Ijyb and 2 gnoll zombies.

Vanquished Creatures
  A crimson imp (D:3)
  Jessica (D:3)
  Natasha (D:3)
  5 adders (D:2)
  A worm (D:2)
  A dart slug (D:2)
  A leopard gecko (D:3)
  7 bats
  5 giant cockroaches
  8 goblins
  8 hobgoblins
  5 jackals
  A quokka (D:2)
  A ball python (D:1)
  2 frilled lizards
  5 kobolds
  6 rats
59 creatures vanquished.

Notes
Turn   | Place    | Note
-------+----------+-------------------------------------------
     0 | D:1      | Glamhuggeren the Gargoyle Monk began the quest for the Orb.
     0 | D:1      | Reached XP level 1. HP: 14/14 MP: 1/1
   181 | D:1      | Reached XP level 2. HP: 19/19 MP: 2/2
  1110 | D:2      | Reached XP level 3. HP: 14/24 MP: 3/3
  1330 | D:2      | Reached skill level 4 in Maces & Flails
  1422 | D:2      | Found a stormy altar of Qazlal.
  1424 | D:2      | Noticed a water elemental
  1425 | D:2      | Noticed an air elemental
  1490 | D:2      | Noticed a fire elemental
  1490 | D:2      | Noticed an earth elemental
  1506 | D:2      | Reached XP level 4. HP: 28/29 MP: 4/4
  2157 | D:2      | Found a white marble altar of Elyvilon.
  2391 | D:3      | Noticed Jessica
  2397 | D:3      | Killed Jessica
  2397 | D:3      | Reached XP level 5. HP: 29/33 MP: 5/5
  2575 | D:3      | Found a radiant altar of Vehumet.
  2575 | D:3      | Found a burning altar of Makhleb.
  2664 | D:3      | Reached skill level 5 in Maces & Flails
  2882 | D:3      | Found a shimmering blue altar of Sif Muna.
  2902 | D:3      | Noticed Natasha
  2904 | D:3      | Killed Natasha
  2924 | D:3      | Noticed Sigmund
  2931 | D:3      | Gained mutation: You are frail. (-10% HP) [potion of
                  | mutation]
  2931 | D:3      | Gained mutation: You have a somewhat thin skeletal
                  | structure. (Dex +2, Stealth) [potion of mutation]
  2931 | D:3      | Gained mutation: Your magical capacity is low. (-10% MP)
                  | [potion of mutation]
  2931 | D:3      | Gained mutation: Your mind is acute. (Int +2) [potion of
                  | mutation]
  3522 | D:3      | Noticed Ijyb
  3529 | D:3      | Killed from afar by Ijyb

Illustrated notes

Levels and vault maps discovered:
D:1:      ncdulo_wetmaze, layout_basic, minmay_misc_feat_columns
D:2:      layout_loops_cross, marbit_many_paths, first_ration,
          nicolae_qazlal_style_of_elements
D:3:      layout_loops_cross, grunt_temple_overflow_lords_of_destruction,
          lemuel_zombie_altar_yredelemnul, lemuel_blue_sif_altar, uniq_jessica,
          uniq_natasha, uniq_sigmund, uniq_ijyb

Skill      XL: |  1  2  3  4  5 |
---------------+----------------+-----
Maces & Flails | 4 5 |  5.5
Fighting       | 4 |  4.0
Dodging        | 3 |  3.0
Stealth        | |  2.1

Action                   |  1- 3 |  4- 6 || total
-------------------------+-------+-------++-------
Melee: Mace              |    93 |   182 ||   275
Throw: Stone             |       |    25 ||    25
  Use: Scroll            |       |     6 ||     6
       Potion            |       |     5 ||     5
 Stab: Sleeping          |     6 |    11 ||    17
  Eat: Chunk             |     2 |     7 ||     9
Armor: Robe              |    30 |    60 ||    90
       Skin              |       |    16 ||    16
Dodge: Dodged            |    70 |   128 ||   198
